PR
LADUE RAMS @ MEMPHIS MUSIC
07/25/2037
 
TOP OF THE 1ST
Ladue Rams batting - Pitching for Memphis Music : RHP Georges Cormier
Pitching: RHP Georges Cormier
Batting: RHB Ricardo Urby 0-0: Ball
1-0: Bunt for hit to 3S - play at first, batter OUT! 3-4
Batting: SHB Shing Li 0-0: Ball
1-0: Called Strike
1-1: Ball
2-1: Foul Ball, location: 2F
2-2: Foul Ball, location: 2F
2-2: Foul Ball, location: 2F
2-2: Foul Ball, location: 2F
2-2: Foul Ball, location: 2F
2-2: Foul Ball, location: 2F
2-2: Foul Ball, location: 2F
2-2: SINGLE (Line Drive, 8LS, EV 95.6 MPH)
Batting: RHB Elias den Blick 0-0: Ball
1-0: Foul Ball, location: 2F
1-1: Ball
2-1: Foul Ball, location: 2F
2-2: Strikes out looking
Batting: LHB Rafael Urrutiz 0-0: Foul Ball, location: 2F
0-1: Foul Ball, location: 2F
0-2: Ground out 4-3 (Groundball, 34, EV 85.6 MPH)
Top of the 1st over - 0 runs, 1 hit, 0 errors, 1 left on base; Ladue 0 - Memphis 0
BOTTOM OF THE 1ST
Memphis Music batting - Pitching for Ladue Rams : RHP Martín Galindo
Pitching: RHP Martín Galindo
Batting: RHB Shi-xian Zhào 0-0: Ball
1-0: Ball
2-0: Bunt missed!
2-1: Foul Ball, location: 2F
2-2: TRIPLE (Groundball, 5L, EV 94.4 MPH)
Batting: RHB Gerald Johnston 0-0: Ball
1-0: Foul Ball, location: 2F
1-1: Ball
2-1: Foul Ball, location: 2F
2-2: Ball
3-2: Foul Ball, location: 2F
3-2: Strikes out swinging
Batting: LHB Leonid Machehin 0-0: Called Strike
0-1: Ball
1-1: Fly out, F7 (Flyball, 7LDF, EV 103.1 MPH)
Runner from 3rd tags up, SCORES, no throw by LF
Batting: LHB António Colón 0-0: Called Strike
0-1: Ball
1-1: Fly out, F7 (Flyball, 7, EV 93.1 MPH)
Bottom of the 1st over - 1 run, 1 hit, 0 errors, 0 left on base; Ladue 0 - Memphis 1
TOP OF THE 2ND
Ladue Rams batting - Pitching for Memphis Music : RHP Georges Cormier
Batting: RHB Jaime Burgos 0-0: Called Strike
0-1: Fly out, F9 (Flyball, 89M, EV 93.8 MPH)
Batting: SHB Diego Alejandro Secada 0-0: Ball
1-0: SOLO HOME RUN (Flyball, 9D, EV 90.6 MPH), Distance : 406 ft
Batting: RHB Bobby Norris 0-0: Ball
1-0: Called Strike
1-1: Called Strike
1-2: Foul Ball, location: 2F
1-2: Ground out 4-3 (Groundball, 4, EV 100.0 MPH)
Batting: RHB Gent Fleming 0-0: Ball
1-0: Swinging Strike
1-1: Swinging Strike
1-2: Ball
2-2: Ball
3-2: Foul Ball, location: 2F
3-2: Strikes out looking
Top of the 2nd over - 1 run, 1 hit, 0 errors, 0 left on base; Ladue 1 - Memphis 1
BOTTOM OF THE 2ND
Memphis Music batting - Pitching for Ladue Rams : RHP Martín Galindo
Batting: RHB Clay Myers 0-0: Ball
1-0: SINGLE (Flyball, 78M, EV 93.1 MPH)
Batting: LHB Bartolo Tasis 0-0: Called Strike
0-1: SINGLE (Groundball, 34D, EV 101.2 MPH)
Clay Myers to second
Runner from 2nd tries for 3rd, SAFE, no throw by RF
Batting: RHB Karel van Capelle 0-0: Ball
1-0: SINGLE (Groundball, 56D, EV 95.0 MPH)
Clay Myers scores
Bartolo Tasis to second
Batting: RHB Jorge Pagán 0-0: Ball
1-0: Ball
2-0: Fly out, F9 (Flyball, 9, EV 92.5 MPH)
Batting: SHB Junior O'Day 0-0: Swinging Strike
0-1: Swinging Strike
0-2: Ball
Wild Pitch!
Bartolo Tasis to third
Karel van Capelle to second
1-2: Strikes out looking
Batting: RHB Shi-xian Zhào 0-0: Called Strike
0-1: Ball
1-1: Swinging Strike
1-2: Strikes out swinging
Bottom of the 2nd over - 1 run, 3 hits, 0 errors, 2 left on base; Ladue 1 - Memphis 2
TOP OF THE 3RD
Ladue Rams batting - Pitching for Memphis Music : RHP Georges Cormier
Batting: RHB Eric Davis 0-0: Ball
1-0: Called Strike
1-1: Swinging Strike
1-2: Strikes out swinging
Batting: RHB Ricardo Urby 0-0: Ball
1-0: SINGLE (Flyball, 4D, EV 86.9 MPH)
Batting: SHB Shing Li 0-0: Foul Ball, location: 2F
0-1: Ball
1-1: Ball
2-1: Foul Ball, location: 2F
2-2: Grounds into double play, 1-4-3 (Groundball, 15S, EV 70.6 MPH)
Top of the 3rd over - 0 runs, 1 hit, 0 errors, 0 left on base; Ladue 1 - Memphis 2
BOTTOM OF THE 3RD
Memphis Music batting - Pitching for Ladue Rams : RHP Martín Galindo
Batting: RHB Gerald Johnston 0-0: Foul Ball, location: 2F
0-1: Swinging Strike
0-2: Reached via error on a dropped throw from P, E3 (Groundball, 13S, EV 65.0 MPH)
Batting: LHB Leonid Machehin 0-0: Called Strike
Gerald Johnston is caught stealing 2nd base 2-6
0-1: Ball
1-1: Called Strike
1-2: Ball
2-2: Ball
3-2: Foul Ball, location: 2F
3-2: Foul Ball, location: 2F
3-2: Foul Ball, location: 2F
3-2: Base on Balls
Batting: LHB António Colón 0-0: Called Strike
0-1: Called Strike
0-2: Ball
1-2: Strikes out swinging
Batting: RHB Clay Myers 0-0: Ball
1-0: Called Strike
1-1: Swinging Strike
1-2: Ball
2-2: Ball
3-2: Strikes out looking
Bottom of the 3rd over - 0 runs, 0 hits, 1 error, 1 left on base; Ladue 1 - Memphis 2
TOP OF THE 4TH
Ladue Rams batting - Pitching for Memphis Music : RHP Georges Cormier
Batting: RHB Elias den Blick 0-0: Fly out, F8 (Flyball, 8RM, EV 83.1 MPH)
Batting: LHB Rafael Urrutiz 0-0: Ground out 6-3 (Groundball, 6MS, EV 88.1 MPH)
Batting: RHB Jaime Burgos 0-0: Called Strike
0-1: Foul Ball, location: 2F
0-2: Fly out, F7 (Flyball, 7S, EV 86.2 MPH)
Top of the 4th over - 0 runs, 0 hits, 0 errors, 0 left on base; Ladue 1 - Memphis 2
BOTTOM OF THE 4TH
Memphis Music batting - Pitching for Ladue Rams : RHP Martín Galindo
Batting: LHB Bartolo Tasis 0-0: Ball
1-0: Ball
2-0: Ground out 4-3 (Groundball, 4M, EV 81.2 MPH)
Batting: RHB Karel van Capelle 0-0: Foul Ball, location: 2F
0-1: Ball
1-1: Ball
2-1: Foul Ball, location: 2F
2-2: Strikes out swinging
Batting: RHB Jorge Pagán 0-0: Ball
1-0: Foul Ball, location: 2F
1-1: Foul Ball, location: 2F
1-2: Foul Ball, location: 2F
1-2: Strikes out swinging
Bottom of the 4th over - 0 runs, 0 hits, 0 errors, 0 left on base; Ladue 1 - Memphis 2
TOP OF THE 5TH
Ladue Rams batting - Pitching for Memphis Music : RHP Georges Cormier
Batting: SHB Diego Alejandro Secada 0-0: Called Strike
0-1: Ball
1-1: SINGLE (Groundball, 56D, EV 101.9 MPH)
Batting: RHB Bobby Norris 0-0: Ball
1-0: Bunted foul
1-1: Sac Bunt to 15S - play at first, batter OUT! 1-4
Diego Alejandro Secada to second
Batting: RHB Gent Fleming 0-0: Foul Ball, location: 2F
0-1: Foul Ball, location: 2F
0-2: Ball
1-2: Ball
2-2: Ball
3-2: Base on Balls
Batting: RHB Eric Davis 0-0: Called Strike
0-1: Called Strike
0-2: Ball
1-2: Reached on error, E5 (Groundball, 6S, EV 81.9 MPH)
Diego Alejandro Secada to third
Gent Fleming to second
Batting: RHB Ricardo Urby 0-0: Called Strike
0-1: Fly out, F9 (Flyball, 9S, EV 92.5 MPH)
Pitching: RHP Rob Durnford
Batting: SHB Shing Li 0-0: Ball
1-0: Swinging Strike
1-1: Called Strike
1-2: Strikes out looking
Top of the 5th over - 0 runs, 1 hit, 1 error, 3 left on base; Ladue 1 - Memphis 2
BOTTOM OF THE 5TH
Memphis Music batting - Pitching for Ladue Rams : RHP Martín Galindo
Batting: SHB Junior O'Day 0-0: Called Strike
0-1: Ball
1-1: Called Strike
1-2: Foul Ball, location: 2F
1-2: Fly out, F9 (Line Drive, 9, EV 88.1 MPH)
Batting: RHB Shi-xian Zhào 0-0: Fly out, F7 (Flyball, 7LM, EV 97.5 MPH)
Batting: RHB Gerald Johnston 0-0: Fly out, F4 (Line Drive, 4, EV 73.8 MPH)
Bottom of the 5th over - 0 runs, 0 hits, 0 errors, 0 left on base; Ladue 1 - Memphis 2
TOP OF THE 6TH
Ladue Rams batting - Pitching for Memphis Music : RHP Rob Durnford
Batting: RHB Elias den Blick 0-0: SINGLE (Line Drive, 78S, EV 91.2 MPH)
Batting: LHB Rafael Urrutiz 0-0: Ball
1-0: Ball
2-0: Called Strike
2-1: Foul Ball, location: 2F
2-2: Ball
3-2: Fly out, F5 (Line Drive, 5, EV 71.9 MPH)
Batting: RHB Jaime Burgos 0-0: Foul Ball, location: 2F
0-1: Ball
1-1: Fielders Choice at 2nd, 1-6 (Groundball, 13, EV 61.9 MPH)
Batting: SHB Diego Alejandro Secada 0-0: Foul Ball, location: 2F
0-1: Called Strike
0-2: Fielders Choice at 2nd, U4 (Groundball, 4M, EV 88.1 MPH)
Top of the 6th over - 0 runs, 1 hit, 0 errors, 1 left on base; Ladue 1 - Memphis 2
BOTTOM OF THE 6TH
Memphis Music batting - Pitching for Ladue Rams : RHP Martín Galindo
Batting: LHB Leonid Machehin 0-0: Ground out 4-3 (Groundball, 4, EV 81.2 MPH)
Batting: LHB António Colón 0-0: Called Strike
0-1: Ball
1-1: Ball
2-1: Foul Ball, location: 2F
2-2: Foul Ball, location: 2F
2-2: Ball
3-2: Ground out 1-3 (Groundball, 34S, EV 66.2 MPH)
Batting: RHB Clay Myers 0-0: Called Strike
0-1: SINGLE (Line Drive, 34D, EV 97.5 MPH)
Batting: LHB Bartolo Tasis 0-0: Ball
1-0: Foul Ball, location: 2F
1-1: Ground out 4-3 (Groundball, 4, EV 85.0 MPH)
Bottom of the 6th over - 0 runs, 1 hit, 0 errors, 1 left on base; Ladue 1 - Memphis 2
TOP OF THE 7TH
Ladue Rams batting - Pitching for Memphis Music : RHP Rob Durnford
Now in CF: Pedro Martínez
Batting: RHB Bobby Norris 0-0: SOLO HOME RUN (Flyball, 8LXD, EV 99.4 MPH), Distance : 467 ft
Pitching: RHP Mario Fuentes
Batting: RHB Gent Fleming 0-0: Ground out 6-3 (Groundball, 6, EV 107.5 MPH)
Batting: RHB Eric Davis 0-0: Called Strike
0-1: Swinging Strike
0-2: Strikes out swinging
Batting: RHB Ricardo Urby 0-0: Fly out, F8 (Line Drive, 8RD, EV 92.5 MPH)
Top of the 7th over - 1 run, 1 hit, 0 errors, 0 left on base; Ladue 2 - Memphis 2
BOTTOM OF THE 7TH
Memphis Music batting - Pitching for Ladue Rams : RHP Martín Galindo
Batting: RHB Karel van Capelle 0-0: Fly out, F7 (Flyball, 7D, EV 97.5 MPH)
Batting: RHB Jorge Pagán 0-0: Ball
1-0: Fly out, F8 (Line Drive, 8LD, EV 101.2 MPH)
Batting: SHB Junior O'Day 0-0: Called Strike
0-1: Ball
1-1: Ball
2-1: Ball
3-1: Base on Balls
Batting: RHB Shi-xian Zhào 0-0: Swinging Strike
0-1: Swinging Strike
0-2: Strikes out swinging
Bottom of the 7th over - 0 runs, 0 hits, 0 errors, 1 left on base; Ladue 2 - Memphis 2
TOP OF THE 8TH
Ladue Rams batting - Pitching for Memphis Music : RHP Mario Fuentes
Batting: SHB Shing Li 0-0: Called Strike
0-1: Ball
1-1: Foul Ball, location: 2F
1-2: SINGLE (Flyball, 7S, EV 91.9 MPH)
Batting: RHB Elias den Blick 0-0: Foul Ball, location: 2F
0-1: Called Strike
0-2: Strikes out swinging
Batting: LHB Rafael Urrutiz 0-0: Called Strike
0-1: Ball
1-1: Swinging Strike
1-2: Ball
2-2: Ground out 3-1 (Groundball, 3, EV 98.1 MPH)
Shing Li to second
Batting: RHB Jaime Burgos 0-0: Swinging Strike
0-1: Swinging Strike
0-2: Foul Ball, location: 2F
0-2: 2-RUN HOME RUN (Flyball, 9D, EV 90.6 MPH), Distance : 408 ft
Batting: SHB Diego Alejandro Secada 0-0: Called Strike
0-1: Ball
1-1: Ball
2-1: Foul Ball, location: 2F
2-2: Strikes out looking
Top of the 8th over - 2 runs, 2 hits, 0 errors, 0 left on base; Ladue 4 - Memphis 2
BOTTOM OF THE 8TH
Memphis Music batting - Pitching for Ladue Rams : RHP Martín Galindo
Pitching: LHP Steve Mason
Batting: RHB Pedro Martínez 0-0: Swinging Strike
0-1: Ball
1-1: Ball
2-1: Ball
3-1: SINGLE (Groundball, 56D, EV 98.8 MPH)
Batting: LHB Leonid Machehin 0-0: Called Strike
0-1: Foul Ball, location: 2F
0-2: Foul Ball, location: 2F
0-2: Ball
1-2: Strikes out swinging
Batting: LHB António Colón 0-0: Ball
Pickoff Throw to First - Error! E1
Pedro Martínez to second
1-0: Called Strike
1-1: Fly out, F7 (Flyball, 7LSF, EV 75.6 MPH)
Batting: RHB Clay Myers 0-0: Ball
1-0: Ball
2-0: Ball
3-0: Called Strike
3-1: Base on Balls
Pinch Hitting: RHB Cristián Bustillo 0-0: Called Strike
0-1: Ball
1-1: Called Strike
1-2: Ball
2-2: Ball
3-2: Base on Balls
Pedro Martínez to third
Clay Myers to second
Batting: RHB Karel van Capelle 0-0: Foul Ball, location: 2F
0-1: Ball
1-1: Ball
2-1: Ball
3-1: SINGLE (Groundball, 5, EV 108.1 MPH) (infield hit)
Pedro Martínez scores
Clay Myers to third
Cristián Bustillo to second
Pinch Hitting: RHB Clarence Price 0-0: Fly out, F9 (Line Drive, 9, EV 90.6 MPH)
Bottom of the 8th over - 1 run, 2 hits, 1 error, 3 left on base; Ladue 4 - Memphis 3
TOP OF THE 9TH
Ladue Rams batting - Pitching for Memphis Music : RHP Mario Fuentes
Now at 2B: Jordan Marshall
Now in LF: Tom Lee
Batting: RHB Bobby Norris 0-0: Called Strike
0-1: Swinging Strike
0-2: Ball
1-2: Strikes out swinging
Batting: RHB Gent Fleming 0-0: Ball
1-0: Ground out 4-3 (Groundball, 4, EV 84.4 MPH)
Batting: RHB Eric Davis 0-0: Foul Ball, location: 2F
0-1: Hit by Pitch
Batting: RHB Ricardo Urby 0-0: Ball
1-0: SINGLE (Flyball, 9S, EV 89.4 MPH)
Eric Davis to second
Runner from 2nd tries for 3rd, SAFE, no throw by RF
Batting: SHB Shing Li 0-0: Ball
1-0: Foul Ball, location: 2F
1-1: Foul Ball, location: 2F
1-2: Fly out, F8 (Flyball, 78S, EV 93.1 MPH)
Top of the 9th over - 0 runs, 1 hit, 0 errors, 2 left on base; Ladue 4 - Memphis 3
BOTTOM OF THE 9TH
Memphis Music batting - Pitching for Ladue Rams : LHP Steve Mason
Pitching: RHP Víctor Moreno
Now in CF: You-liang Yang
Pinch Hitting: RHB Rodrigo Jiménez 0-0: Ball
1-0: Ball
2-0: Fly out, F9 (Flyball, 9D, EV 86.9 MPH)
Batting: RHB Shi-xian Zhào 0-0: SINGLE (Groundball, 6MD, EV 96.9 MPH)
Batting: RHB Pedro Martínez 0-0: Ball
1-0: Fielders Choice at 2nd, 1-6 (Groundball, 13, EV 87.5 MPH)
Batting: LHB Leonid Machehin 0-0: Ball
1-0: Called Strike
1-1: Ball
2-1: Ball
3-1: Ground out U3 (Groundball, 3S, EV 81.2 MPH)
Bottom of the 9th over - 0 runs, 1 hit, 0 errors, 1 left on base; Ladue 4 - Memphis 3
Thursday, January 23rd, 2020 - OOTP Baseball 20.8 Build 74